 Dungeon Crawl Stone Soup version 0.29.1-15-g9cfb28693d (webtiles) character file.

Game seed: 3463862792401247404

44 Hugehornet the Covered (level 3, -1/23 HPs)
             Began as a Gargoyle Fighter on Mar 21, 2023.
             Slain by Sigmund
             ... wielding a +0 scythe
              (2 damage)
             ... on level 2 of the Dungeon.
             The game lasted 00:00:58 (576 turns).

Hugehornet the Covered (Gargoyle Fighter)            Turns: 576, Time: 00:00:59

Health: -1/23      AC: 10    Str: 19    XL:     3   Next: 62%
Magic:  3/3        EV:  9    Int: 10    God:
Gold:   53         SH:  4    Dex:  9    Spells: 2/2 levels left

rFire   . . .      SeeInvis .   a - +0 war axe
rCold   . . .      Faith    .   c - +0 buckler
rNeg    + . .      Spirit   .   b - +0 scale mail
rPois   ∞          Reflect  .   (no helmet)
rElec   +          Harm     .   (no cloak)
rCorr   .          Rampage  .   (no gloves)
Will    .....                   (no boots)
Stlth   ..........              (no amulet)
HPRegen 0.07/turn               (no ring)
MPRegen 0.08/turn               (no ring)

@: mighty
A: sickness immunity, AC +3, negative energy resistance 1, electricity
resistance, torment resistance 1, petrification resistance
a: no special abilities


You were on level 2 of the Dungeon.
You visited 1 branch of the dungeon, and saw 2 of its levels.

You collected 53 gold pieces.

Inventory:

Hand Weapons
 a - a +0 war axe (weapon)
Armour
 b - a +0 scale mail (worn)
 c - a +0 buckler (worn)
Jewellery
 i - an amulet of reflection
Scrolls
 e - a scroll of poison {unknown}
 f - a scroll of noise {unknown}
 g - a scroll of identify {unknown}
 h - a scroll of enchant weapon {unknown}


   Skills:
 - Level 3.4 Fighting
 + Level 2.6 Axes
 + Level 4.1 Armour
 - Level 3.4 Shields


You had 2 spell levels left.
You didn't know any spells.
Your spell library contained the following spells:

 Spells                   Type           Power      Damage    Failure   Level
 Dazzling Flash           Conj/Hex       0%         N/A       99%         3
 Agony                    Necr           0%         N/A       100%        5
 Silence                  Hex/Air        0%         N/A       100%        5


Dungeon Overview and Level Annotations

Branches:
Dungeon (2/15)

Altars:

Annotations:
D:2 Sigmund


Innate Abilities, Weirdness & Mutations

You are immune to sickness and miasma.
Your stone body is resilient. (AC +3)
You are immune to poison.
You resist negative energy. (rN+)
You are resistant to electric shocks. (rElec)
You are resistant to unholy torment.
You are immune to petrification.


Message History

You hit the worm.
You kill the worm!
You hit the goblin. You block Sigmund's attack.
The goblin unwields a +0 sling.
The goblin wields a +0 club.
The goblin hits you but does no damage.
You barely miss the goblin.
The goblin is moderately wounded.
The goblin barely misses you. Sigmund misses you.
The goblin hits you but does no damage.
Unknown command.
You feel very mighty all of a sudden.
Sigmund mumbles some strange words.
Sigmund flickers and vanishes!
Deactivating autopickup; reactivate with Ctrl-A.
You block the goblin's attack.
You slash the goblin!
You kill the goblin!
Something hits you but does no damage. Something hits you but does no damage.
Things that are here:
a +0 club; a +0 sling; a goblin corpse You barely miss something.
Something hits you but does no damage.
You closely miss something. Something hits you!
You closely miss something.
You hear some strange, mumbled words.
You are confused.
You barely miss something. Something hits you but does no damage.
Something hits you! Something hits you.
* * * LOW HITPOINT WARNING * * *
Something hits you but does no damage. Something hits you but does no damage.
You aren't carrying any potions.
You feel less confused. Something hits you but does no damage.
You closely miss something. You barely miss something.
Something hits you but does no damage.
You miss something. Something hits you.
* * * LOW HITPOINT WARNING * * *
You slash something! Something hits you.
You die...

#. .# #.# #.# #.# #.#
#.# #.# #.# #.# .. #.#
#.# .# #.###.##
#####.#
###......###...#.#
#............@...#####
#†#####..##..{........
#.#####<.##...........
#........###..)######
#)..####.# ##)## #...#
#.# #†# #<..# #.# #.#
##.## #.# ... .# .#
..#


There were no monsters in sight!

Vanquished Creatures
  An adder (D:2)
  A worm (D:2)
  A dart slug (D:1)
  2 ball pythons (D:1)
  2 endoplasms (D:1)
  2 giant cockroaches (D:1)
  3 goblins (D:2)
  2 hobgoblins
  2 jackals (D:1)
  3 kobolds (D:1)
  A quokka (D:1)
  3 bats
  2 frilled lizards (D:1)
  2 rats (D:1)
27 creatures vanquished.

Notes
Turn   | Place    | Note
-------+----------+-------------------------------------------
     0 | D:1      | Hugehornet the Gargoyle Fighter began the quest for the
                  | Orb.
     0 | D:1      | Reached XP level 1. HP: 14/14 MP: 1/1
    55 | D:1      | Found a faded altar of an unknown god.
    75 | D:1      | Reached XP level 2. HP: 19/19 MP: 2/2
   360 | D:1      | Reached XP level 3. HP: 22/23 MP: 3/3
   538 | D:2      | Reached skill level 4 in Armour
   555 | D:2      | Noticed Sigmund
   575 | D:2      | HP: 1/23 [something (6)]
   576 | D:2      | Slain by Sigmund

Illustrated notes

Levels and vault maps discovered:
D:1:      lightli_arrival_windingriver, layout_rooms,
          nicolae_ecumenical_lake_church
D:2:      layout_loops_ring, uniq_sigmund

Skill      XL: |  1  2  3 |
---------------+----------+-----
Axes           | 2 |  2.6
Armour         | 4 |  4.1
Fighting       | |  3.4
Shields        | |  3.4

Action                   || total
-------------------------++-------
Melee: War axe           ||    66
  Use: Potion            ||     1
Armor: Scale mail        ||    55
Dodge: Dodged            ||    39
Block: Buckler           ||    16
